[Event "Team 45 45 League T59"]
[Site "Internet Chess Club"]
[Date "2013.11.29"]
[Round "2"]
[White "room-matt"]
[Black "SugarIslander"]
[Result "1/2-1/2"]
[WhiteElo "1814"]
[BlackElo "1701"]
[Opening "Bishop's opening: Berlin defense"]
[ECO "C24"]
[Time "15:10:41"]
[TimeControl "2700+45"]

1. e4 e5 2. Bc4 Nf6 3. d3 Be7 4. Nc3 O-O 5. f4 Nc6 6. Nf3 d6 7. O-O Bg4 8. h3
Be6 9. Nd5 exf4 10. Bxf4 Bxd5 11. Bxd5 Nxd5 12. exd5 Nb8 13. Re1 Bf6 14. d4 Nd7
15. Qd3 Nb6 16. c4 Qd7 17. Bg5 Bxg5 18. Nxg5 g6 19. Re4 Qf5 20. h4 h6 21. Rf1
Qd7 22. Nf3 Rae8 23. Rfe1 Qf5 24. b3 Nd7 25. g4 Qf6 26. Rxe8 Qf4 27. Rxf8+ Kxf8
28. Re4 Qg3+ 29. Kf1 Nf6 30. Re2 Nxg4 31. Rg2 Qh3 32. Kg1 Nf6 33. Qe3 Qf5 34.
Qxh6+ Kg8 35. Ng5 Qf4 36. h5 Qe3+ 37. Kh2 Qf4+ 38. Kh3 Qf5+ 39. Kg3 Nxh5+ 40.
Kh2 Qf4+ 41. Kg1 Qe3+ 42. Rf2 Qg3+ 43. Kf1 Qd3+ 44. Ke1 Qe3+ 45. Re2 Qc1+ 46.
Kf2 Qf4+ 47. Ke1 {Game drawn by mutual agreement} 1/2-1/2

[Event "Team 45 45 League T59"]
[Site "Internet Chess Club"]
[Date "2013.12.01"]
[Round "2"]
[White "HumanTornado"]
[Black "Muravey"]
[Result "1/2-1/2"]
[WhiteElo "1985"]
[BlackElo "2027"]
[Opening "Scandinavian: Marshall variation"]
[ECO "B01"]
[Time "12:01:41"]
[TimeControl "2700+45"]

1. e4 d5 2. exd5 Nf6 3. d4 Nxd5 4. Nf3 g6 5. Be2 Bg7 6. c4 Nb6 7. h3 O-O 8. Nc3
Nc6 9. Be3 e5 10. dxe5 Nxe5 11. Nxe5 Bxe5 12. Qxd8 Rxd8 13. Rc1 Be6 14. b3 a5
15. O-O a4 16. Bxb6 cxb6 17. Nxa4 Rd2 18. Bf3 Rxa2 19. Nxb6 R8a3 20. Bxb7 Rxb3
21. c5 Bf4 22. Rb1 Rxb1 23. Rxb1 Rc2 24. c6 Bc7 25. Na8 Be5 26. Rd1 Kf8 27. c7
Bxc7 28. Nxc7 Rxc7 29. Ba6 Ra7 30. Be2 Ra2 31. Kf1 Kg7 32. g4 Ra3 33. Rd3 Ra2
34. Re3 Bd5 35. Bf3 Bc4+ 36. Kg2 Ra1 37. Be2 {Game drawn by mutual agreement}
1/2-1/2

[Event "Team 45 45 League T59"]
[Site "Internet Chess Club"]
[Date "2013.11.27"]
[Round "2"]
[White "Frankly"]
[Black "BuddyT"]
[Result "0-1"]
[WhiteElo "1751"]
[BlackElo "1897"]
[Opening "QGD Slav: 4.e3"]
[ECO "D11"]
[Time "15:00:54"]
[TimeControl "2700+45"]

1. d4 d5 2. c4 c6 3. Nf3 Nf6 4. e3 g6 5. Nbd2 Bg7 6. b3 O-O 7. Bd3 Nbd7 8. Bb2
e5 9. dxe5 Ng4 10. cxd5 Ndxe5 11. Nxe5 Nxe5 12. Nc4 Nxc4 13. Bxg7 Qa5+ 14. Ke2
Nxe3 15. Qc1 Kxg7 16. fxe3 Qxd5 17. Qc3+ Kg8 18. e4 Qg5 19. Rag1 Bg4+ 20. Kf2
Qf4+ 21. Ke1 Qe3+ 22. Kf1 Be2+ {White resigns} 0-1

[Event "Team 45 45 League T59"]
[Site "Internet Chess Club"]
[Date "2013.12.02"]
[Round "2"]
[White "Zugzwanged"]
[Black "ghostfire"]
[Result "0-1"]
[WhiteElo "1762"]
[BlackElo "1710"]
[Opening "Scotch game"]
[ECO "C45"]
[Time "21:02:59"]
[TimeControl "2700+45"]

1. e4 e5 2. Nf3 Nc6 3. d4 exd4 4. Nxd4 Qf6 5. Nf3 Bc5 6. Nc3 Nge7 7. Bd3 Ne5 8.
O-O h6 9. Nxe5 Qxe5 10. Qf3 Bd6 11. g3 O-O 12. Nb5 a6 13. Nxd6 Qxd6 14. Be3 Ng6
15. Qh5 Qf6 16. b3 d6 17. f4 Re8 18. Rfe1 Qc3 19. Rad1 b5 20. Qd5 Bg4 21. Ra1
Rad8 22. Qd4 Qa5 23. a4 bxa4 24. Qxa4 Qh5 25. Bf1 d5 26. Bg2 dxe4 27. Qxa6 Bf3
28. Qf1 Bxg2 29. Qxg2 Qf5 30. Red1 Ne7 31. c4 Nc6 32. g4 Rxd1+ 33. Rxd1 Qa5 34.
Qb2 Nb4 35. Qc3 c5 36. Rd5 Qb6 37. Rxc5 Nd3 38. f5 Nxc5 39. Qd4 Rc8 40. Qd5 Qc6
41. Qd1 Nd3 42. g5 hxg5 43. Bxg5 Qc5+ 44. Kg2 Qf2+ 45. Kh1 Qxf5 46. Be3 Rd8 47.
Qe2 Qf3+ 48. Qxf3 exf3 49. Kg1 f2+ 50. Kf1 Ra8 51. Bd4 Re8 52. Bc3 Re1+ {White
resigns} 0-1

[Event "Team 45 45 League T59"]
[Site "Internet Chess Club"]
[Date "2013.11.29"]
[Round "2"]
[White "Electryon"]
[Black "Stiltzkin"]
[Result "1/2-1/2"]
[WhiteElo "1553"]
[BlackElo "1644"]
[Opening "Sicilian defense"]
[ECO "B40"]
[Time "10:30:46"]
[TimeControl "2700+45"]

1. e4 c5 2. Nf3 e6 3. d3 Nc6 4. g3 g6 5. Bg2 Nge7 6. Be3 Bg7 7. c3 b6 8. Na3 d5
9. O-O O-O 10. exd5 Nxd5 11. Bg5 Qc7 12. Qd2 Ba6 13. Rfe1 Rfe8 14. Nc2 f6 15.
Bh6 Bxh6 16. Qxh6 Bxd3 17. Ne3 Nxe3 18. Qxe3 Rad8 19. Rad1 Bf5 20. Nh4 Ne7 21.
f4 Kf7 22. Nxf5 Nxf5 23. Qf2 Rxd1 24. Rxd1 Rd8 25. Bf3 Rxd1+ 26. Bxd1 Qd6 27.
Qe2 Ne7 28. Bb3 Nc8 29. Qe4 Qd7 30. f5 gxf5 31. Qxf5 Ke7 32. Qxh7+ Kd6 33. Qd3+
Kc7 34. Qf3 Qd2 35. Qxf6 Qxb2 36. Qf7+ Kb8 37. Bxe6 Qxc3 38. Qe8 Qd4+ 39. Kg2
Qe4+ 40. Kh3 Qh7+ 41. Kg4 Qc7 42. h4 c4 43. Qxc8+ Qxc8 44. Bxc8 Kxc8 45. Kf3 Kd7
{Game drawn by mutual agreement} 1/2-1/2